 Dungeon Crawl Stone Soup version 0.24-a0-580-g6a6c3f83c1 (webtiles) character file.

Game seed: 7416744216717896183

87257 s1mppe the Lord of Darkness (level 15, -7/117 HPs)
             Began as a Demonspawn Necromancer on Aug 16, 2019.
             Was the Champion of Kikubaaqudgha.
             Mangled by Agnes
             ... wielding a +5 lajatang of protection
              (31 damage)
             ... on level 15 of the Dungeon on Aug 22, 2019.
             The game lasted 03:07:34 (37489 turns).

s1mppe the Lord of Darkness (DsNe)                 Turns: 37489, Time: 03:07:34

Health: -7/117     AC: 19    Str: 10    XL:     15   Next: 43%
Magic:  36/39      EV: 18    Int: 21    God:    Kikubaaqudgha [******]
Gold:   2988       SH: 11    Dex: 19    Spells: 2/37 levels left

rFire    + . .     SeeInvis +   a - +4 demon whip (pain)
rCold    + + .     Gourm    .   l - +0 shield
rNeg     . . .     Faith    +   J - +2 robe {MR+}
rPois    .         Spirit   .   D - +2 helmet {SInv}
rElec    .         Reflect  .   j - scarf {rC+ rF+}
rCorr    .         Harm     .   Q - +2 pair of gloves
MR       ++...                  (boots unavailable)
Stlth    +++.......             U - amulet of faith
HPRegen  0.29/turn              L - ring of wizardry
MPRegen  0.26/turn              y - ring of magical power

@: agile, sanguine armour
A: hooves 3, cold resistance 1, powered by pain 3, freezing cloud immunity,
sanguine armour 2
a: Receive Corpses, Torment, Renounce Religion


You were on level 15 of the Dungeon.
You worshipped Kikubaaqudgha.
Kikubaaqudgha was exalted by your worship.
You were not hungry.

You visited 4 branches of the dungeon, and saw 24 of its levels.
You also visited: Gauntlet and Volcano.

You collected 3276 gold pieces.
You spent 288 gold pieces at shops.

Inventory:

Hand Weapons
 a - a +4 demon whip of pain (weapon)
 b - a +2 dagger of electrocution
 X - the +8 autumn katana {slice, Clar}
   (You took it off a minotaur in a Gauntlet)

   It inflicts extra damage upon your enemies.
   It protects you against confusion.
Missiles
 d - 65 poisoned darts
 H - 4 throwing nets (quivered)
 O - 7 atropa-tipped darts
Armour
 j - a scarf of resistance (worn)
 l - a +0 shield (worn)
 D - a +2 helmet of see invisible (worn)
 J - a +2 robe of magic resistance (worn)
 Q - a +2 pair of gloves (worn)
Jewellery
 k - an uncursed ring of ice
 u - an uncursed ring of protection from fire
 y - a ring of magical power (right hand)
 L - a ring of wizardry (left hand)
 U - an amulet of faith (around neck)
 Z - an uncursed amulet of harm {unknown}
Wands
 B - a wand of flame (34)
 E - a wand of acid (15)
 F - a wand of iceblast (8)
 M - a wand of paralysis (3)
 R - a wand of disintegration (10)
Scrolls
 e - 3 scrolls of amnesia
 i - 3 scrolls of enchant armour
 o - 5 scrolls of immolation
 p - a scroll of acquirement {unknown}
 s - 4 scrolls of fog
 t - 9 scrolls of teleportation
 w - 5 scrolls of blinking
 C - a scroll of fear
 G - 3 scrolls of identify
 K - a scroll of summoning {unknown}
 N - 2 scrolls of remove curse
Potions
 f - 2 potions of berserk rage
 g - a potion of invisibility {unknown}
 h - 3 potions of might
 m - a potion of ambrosia {unknown}
 q - 6 potions of heal wounds
 r - 2 potions of cancellation
 v - 2 potions of lignification {unknown}
 x - 4 potions of magic
 z - 3 potions of flight
 A - 6 potions of curing
 I - a potion of haste {unknown}
 P - 5 potions of brilliance
 S - 4 potions of agility
 W - a potion of resistance {unknown}
Miscellaneous
 n - a phantom mirror
Comestibles
 c - 39 rations


   Skills:
 - Level 10.6 Fighting
 - Level 1.7 Short Blades
 * Level 7.9 Maces & Flails
 - Level 3.2 Dodging
 - Level 1.7 Stealth
 + Level 10.2 Shields
 - Level 11.6 Spellcasting
 - Level 6.0 Conjurations
   Level 4.7 Hexes
 - Level 4.0 Charms
 + Level 15.5 Necromancy
 - Level 2.1 Translocations
 * Level 2.5 Ice Magic
 - Level 3.0 Earth Magic


You had 2 spell levels left.
You knew the following spells:

 Your Spells              Type           Power        Failure   Level  Hunger
a - Pain                  Necr           ####         0%          1    None
b - Animate Skeleton      Necr           N/A          0%          1    None
c - Vampiric Draining     Necr           ######....   1%          3    None
d - Regeneration          Chrm/Necr      ######....   1%          3    None
e - Animate Dead          Necr           N/A          1%          4    #......
f - Dispel Undead         Necr           ######..     1%          5    ####...
g - Simulacrum            Ice/Necr       ######....   16%         6    ######.
h - Bolt of Draining      Conj/Necr      ######....   1%          5    ####...
i - Blink                 Tloc           N/A          2%          2    None
j - Borgnjor's Vile Clut  Necr/Erth      ######....   2%          5    ####...

Your spell library contained the following spells:

 Spells                   Type           Power        Failure   Level  Hunger
 Apportation              Tloc           ###...       1%          1    None
 Confusing Touch          Hex            ####..       1%          1    None
 Corona                   Hex            ####...      1%          1    None
 Infusion                 Chrm           ####         1%          1    None
 Magic Dart               Conj           ####         1%          1    None
 Sting                    Conj/Pois      ###.         1%          1    None
 Corpse Rot               Necr           N/A          1%          2    None
 Ensorcelled Hibernation  Hex/Ice        ####..       1%          2    None
 Shroud of Golubria       Chrm/Tloc      ####..       1%          2    None
 Slow                     Hex            ####....     1%          2    None
 Song of Slaying          Chrm           ####....     1%          2    None
 Sublimation of Blood     Necr           ######....   1%          2    None
 Summon Small Mammal      Summ           ##..         4%          1    None
 Call Imp                 Summ           ##......     6%          2    None
 Poisonous Vapours        Pois/Air       ##....       6%          2    None
 Confuse                  Hex            ####....     1%          3    None
 Dazzling Spray           Conj/Hex       ####..       1%          3    None
 Spectral Weapon          Hex/Chrm       ####....     1%          3    None
 Tukima's Dance           Hex            ####....     1%          3    None
 Agony                    Necr           ######..     1%          5    ####...
 Excruciating Wounds      Chrm/Necr      ######....   1%          5    ####...
 Death Channel            Necr           ######....   1%          6    ######.
 Conjure Flame            Conj/Fire      ###.....     3%          3    None
 Mephitic Cloud           Conj/Pois/Air  ###.....     5%          3    None
 Recall                   Summ/Tloc      N/A          9%          3    None
 Iskenderun's Battlesphe  Conj/Chrm      ####....     14%         5    ####...
 Bolt of Magma            Conj/Fire/Erth ###.......   32%         5    ####...
 Venom Bolt               Conj/Pois      ###.......   32%         5    ####...
 Olgreb's Toxic Radiance  Pois           ##......     38%         4    #......
 Summon Lightning Spire   Summ/Air       ##......     38%         4    #......
 Silence                  Hex/Air        ###.......   38%         5    ####...
 Iron Shot                Conj/Erth      ####......   65%         6    ######.
 Conjure Ball Lightning   Conj/Air       ###.......   85%         6    ######.
 Freezing Cloud           Conj/Ice/Air   ###.......   86%         6    ######.
 Deflect Missiles         Chrm/Air       ###.......   93%         6    ######.
 Orb of Destruction       Conj           #####.....   94%         7    #######
 Ring of Flames           Chrm/Fire      ###.......   100%        7    #######
 Spellforged Servitor     Conj/Summ      ###.......   100%        7    #######
 Tornado                  Air            ##........   100%        9    #######


Dungeon Overview and Level Annotations

Branches:
Dungeon (15/15)            Temple (1/1) D:5            Lair (6/6) D:9
  Swamp (0/4) Lair:2        Snake (0/4) Lair:2        Slime (0/5) Lair:5
    Orc (2/2) D:12            Elf (0/3) Orc:2        Vaults (0/5) D:14
Volcano (visited)         Gauntlet (visited)
 Depths: D:15

Altars:
Ashenzari
Cheibriados
Dithmenos
Elyvilon
Fedhas
Gozag
Hepliaklqana
Kikubaaqudgha
Makhleb
Nemelex Xobeh
Okawaru
Qazlal
Ru
Sif Muna
Trog
Uskayaw
Vehumet
Wu Jian
Xom
Yredelemnul
Zin
The Shining One
Beogh
Jiyva

Shops:
D:6 :   D:10 [   D:11 (   D:14 (   Orc:2 %}:[(

Portals:
Hell: Lair:6

Annotations:
D:6 3 runed translucent doors, anet's ghost, novice GnWn
D:13 3 runed translucent doors, Wolfram's ghost, journeyman NaTm
D:14 2 transporters, Puash's ghost, journeyman HOFi
D:15 Agnes
Lair:2 3 runed translucent doors, exclusion: 2 downstairs, Neppajuco's ghost, journeyman CeAK
Lair:3 exclusion: 4 oklob plants


Innate Abilities, Weirdness & Mutations

You have hooves in place of feet.
Your flesh is cold resistant. (rC+)
You are powered by pain.
You are immune to freezing clouds.
When seriously injured, your bleeding wounds create thick armour. (AC +9)


Message History

The wyvern hisses angrily.
Agnes hits you with a +5 lajatang of protection!
You don't have the energy to cast that spell.
You eat one of the 40 rations.
That ration really hit the spot!
Agnes says, "It is my duty to kill you, but also my pleasure."
Agnes hits you with a +5 lajatang of protection!!
Your blood congeals into armour.
Agnes hits you with a +5 lajatang of protection!!
You focus on the pain.
You feel your power returning.
A tengu warrior comes into view.
It is wielding a +0 war axe and wearing a +0 shield of cold resistance.
Casting: Bolt of Draining (safe; 1% risk of failure)
Confirm with . or Enter, or press ? or * to list all spells.
You call on the dead to rise...
The dead are walking and flying!
Agnes hits you with a +5 lajatang of protection!!
* * * LOW HITPOINT WARNING * * *
You focus on the pain.
You feel agile all of a sudden.
Agnes hits you with a +5 lajatang of protection!!
You die...
Kikubaaqudgha rasps: "You have failed me!
Welcome... death!"

#...##################
#......................
#(............#######'#
##.............#....$..#
............(..#.......#
...............#.......#
#'#######......#...Z...#
........#......#...!...#
........#.....^'@ZZ[...#
........#......#Zi.....#
........#......###†#####
........#......(..l..
†.......#............Q.
........+..................#
##......#..........######..#
+.######........./# #..#
#.#...............# #..#


You could see Agnes, a tengu warrior, a wyvern, a friendly catoblepas zombie, a
friendly manticore zombie, a friendly ice dragon zombie and a friendly goblin
zombie.

Vanquished Creatures
  Kirke (D:12)
  Nessos (D:14)
  A minotaur (Gauntlet)
  6 hydras
  A vault guard (D:14)
  An ogre mage (D:14)
  Harold (D:7)
  9 centaur warriors
  A catoblepas (D:14)
  9 two-headed ogres
  4 orc high priests
  A queen ant (Gauntlet)
  Urug (Lair:5)
  Nergalle (Lair:4)
  2 skeletal warriors (D:15)
  An unseen horror (D:14)
  4 sixfirhies (Gauntlet)
  5 wizards
  4 orc knights
  A necromancer (Lair:6)
  4 orc sorcerers (Orc:2)
  A wolf spider zombie (D:15)
  6 centaur zombies
  8 ugly things
  3 toenail golems (Volcano)
  2 manticores
  8 elephants
  A black mamba (Lair:6)
  An orange demon (Lair:6)
  A smoke demon (Lair:6)
  An ice statue (Gauntlet)
  A spiny frog (Lair:2)
  2 komodo dragons
  6 rime drakes
  An ice devil (Lair:6)
  3 centaur skeletons (D:14)
  A guardian mummy (D:15)
  2 red devils (Lair:6)
  4 trolls
  2 meliai (shapeshifter)
  A harpy skeleton (D:15)
  3 blink frogs
  3 dream sheep (Lair:6)
  9 slime creatures
  11 hippogriffs
  A spriggan (D:11)
  16 yaks
  3 basilisks
  2 wraiths
  6 hogs
  A human (D:6)
  7 wyverns
  A basilisk (shapeshifter) (D:15)
  A vampire mosquito (D:11)
  4 hell hounds (Lair:6)
  9 porcupines
  3 soldier ants (Gauntlet)
  12 water moccasins
  5 sky beasts
  3 ice beasts
  3 black bears
  9 ogres
  22 orc warriors
  2 phantoms
  2 eyes of draining
  21 centaurs
  7 crocodiles
  3 big kobolds
  15 bullfrogs
  2 wyvern skeletons
  3 scorpions
  10 killer bees
  13 wights
  2 howler monkeys
  13 electric eels
  8 crimson imps
  2 bullfrog zombies
  3 jellies
  15 orc priests
  3 bullfrog skeletons
  3 hounds
  16 orc wizards
  10 worker ants
  Natasha (D:4)
  5 iguanas
  4 yak simulacra (Lair:6)
  3 polar bear simulacra (Lair:6)
  A wolf simulacrum (Lair:6)
  A worker ant zombie (D:9)
  2 hound skeletons
  A howler monkey zombie (D:8)
  Robin (D:2)
  8 gnolls
  18 adders
  2 shadow imps
  An ooze (D:2)
  An adder skeleton (D:9)
  2 worms
  2 dart slugs (D:1)
  5 leopard geckos
  63 orcs
  6 giant cockroaches
  14 goblins
  10 hobgoblins
  16 jackals
  19 kobolds
  5 quokkas
  10 bats
  3 frilled lizards
  A jackal skeleton (D:5)
  A kobold zombie (D:6)
  A quokka skeleton (D:6)
  8 rats
  3 river rat simulacra (Lair:6)
619 creatures vanquished.

Vanquished Creatures (collateral kills)
  5 hydras
  A two-headed ogre (D:14)
  A dancing weapon (Volcano)
  A sun demon (Lair:6)
  2 wizards (Volcano)
  An ugly thing (D:12)
  2 toenail golems (Volcano)
  7 elephants
  An eye of devastation (Lair:5)
  6 rime drakes (Lair:6)
  A spiny frog (Lair:5)
  A komodo dragon (Lair:4)
  An ice devil (Lair:6)
  2 polar bears (Lair:6)
  2 blink frogs (Lair:6)
  4 hippogriffs (Lair:6)
  9 dream sheep
  A redback (D:14)
  16 yaks
  2 wyverns (Lair:6)
  2 basilisks
  2 fire bats (Lair:5)
  A vampire mosquito (D:12)
  A naga (Lair:2)
  A hell hound (Lair:6)
  A phantom (D:12)
  An eye of draining (Lair:5)
  3 wolves (Lair:2)
  6 crocodiles
  3 bullfrogs
  3 electric eels (D:12)
  A bullfrog zombie (D:12)
  2 jellies
  An iguana (Lair:1)
  6 hell rats (Lair:4)
  2 kobolds (D:14)
  3 fungi
  5 plants
110 creatures vanquished.

Vanquished Creatures (others)
  3 demonic plants (Gauntlet)
  31 fungi
  24 plants
58 creatures vanquished.

Grand Total: 787 creatures vanquished

Notes
Turn   | Place    | Note
-------+----------+-------------------------------------------
     0 | D:1      | s1mppe the Demonspawn Necromancer began the quest for the
                  | Orb.
     0 | D:1      | Reached XP level 1. HP: 13/13 MP: 3/3
   329 | D:1      | Learned a level 1 spell: Animate Skeleton
   541 | D:1      | Gained mutation: When seriously injured, your bleeding
                  | wounds create armour. (AC +9) [demonic ancestry]
   541 | D:1      | Reached XP level 2. HP: 19/19 MP: 3/5
   614 | D:1      | Reached skill level 5 in Necromancy
  1777 | D:2      | Gained mutation: You sometimes gain a little power by
                  | taking damage. [demonic ancestry]
  1777 | D:2      | Reached XP level 3. HP: 24/24 MP: 6/6
  2208 | D:2      | Gained mutation: You sometimes gain power by taking damage.
                  | [demonic ancestry]
  2208 | D:2      | Reached XP level 4. HP: 26/30 MP: 2/8
  2544 | D:2      | Learned a level 3 spell: Vampiric Draining
  2548 | D:2      | Learned a level 3 spell: Regeneration
  2664 | D:2      | Found an ornate altar of the Wu Jian Council.
  2689 | D:2      | Noticed Robin
  2697 | D:2      | Killed Robin
  3112 | D:3      | Reached skill level 6 in Necromancy
  3117 | D:3      | Reached XP level 5. HP: 18/35 MP: 0/10
  4744 | D:4      | Noticed an ice beast
  4755 | D:4      | Gained mutation: You have large cloven feet. [demonic
                  | ancestry]
  4755 | D:4      | Reached XP level 6. HP: 18/41 MP: 7/12
  4911 | D:4      | Found a sacrificial altar of Ru.
  5106 | D:4      | Reached skill level 7 in Necromancy
  5532 | D:4      | Killed an ice beast
  5532 | D:4      | Reached skill level 5 in Spellcasting
  5532 | D:4      | Gained mutation: You have hoof-like feet. [demonic
                  | ancestry]
  5532 | D:4      | Reached XP level 7. HP: 25/46 MP: 5/14
  5772 | D:4      | Reached skill level 8 in Necromancy
  5991 | D:4      | Noticed Natasha
  5995 | D:4      | Killed Natasha
  6164 | D:5      | Entered Level 5 of the Dungeon
  6665 | D:5      | Learned a level 4 spell: Animate Dead
  6677 | D:5      | Found a staircase to the Ecumenical Temple.
  6929 | D:5      | Reached skill level 9 in Necromancy
  7147 | D:6      | Found a shimmering blue altar of Sif Muna.
  7384 | D:6      | Noticed a human
  7385 | D:6      | Found a runed translucent door.
  7389 | D:6      | Found a basalt altar of Yredelemnul.
  7404 | D:6      | Killed a human
  7404 | D:6      | Gained mutation: Your flesh is cold resistant. (rC+)
                  | [demonic ancestry]
  7404 | D:6      | Reached XP level 8. HP: 32/52 MP: 8/15
  7436 | D:6      | Found Impaub's Book Boutique.
  7459 | D:6      | Learned a level 2 spell: Ensorcelled Hibernation
  7560 | D:6      | Found a runed translucent gate.
  7560 | D:6      | Found a runed translucent gate.
  7560 | D:6      | Found a runed translucent gate.
  7560 | D:6      | Noticed anet's ghost (novice GnWn)
  7801 | D:6      | Reached skill level 10 in Necromancy
  8418 | D:7      | Found a stormy altar of Qazlal.
  8570 | D:7      | Noticed Harold
  8593 | D:7      | Killed Harold
  8593 | D:7      | Reached skill level 11 in Necromancy
  9107 | Temple   | Entered the Ecumenical Temple
  9120 | Temple   | Became a worshipper of Kikubaaqudgha
  9324 | D:7      | Reached skill level 1 in Charms
  9324 | D:7      | Reached skill level 12 in Necromancy
  9324 | D:7      | Gained mutation: You have hooves in place of feet. [demonic
                  | ancestry]
  9324 | D:7      | Reached XP level 9. HP: 40/57 MP: 15/16
  9537 | D:8      | Found a sparkling altar of Nemelex Xobeh.
  9537 | D:8      | Found an opulent altar of Gozag.
  9538 | D:8      | Found an iron altar of Okawaru.
 10042 | D:8      | You fall into a shaft and drop 3 floors!
 10067 | D:11     | Noticed a two-headed ogre
 10134 | D:10     | Entered Level 10 of the Dungeon
 10134 | D:10     | Noticed a komodo dragon
 10369 | D:9      | Upgraded the game from 0.24-a0-537-g2d01d4ab0a to
                  | 0.24-a0-580-g6a6c3f83c1
 11184 | D:9      | Noticed a two-headed ogre
 11188 | D:9      | Killed a two-headed ogre
 11188 | D:9      | Reached skill level 13 in Necromancy
 11195 | D:9      | Noticed a two-headed ogre
 11207 | D:9      | Killed a two-headed ogre
 11207 | D:9      | Reached * piety under Kikubaaqudgha
 11207 | D:9      | Identified Kikubaaqudgha's Catalogue of Black Magic
                  | (Kikubaaqudgha gifted it to you on level 9 of the Dungeon)
 11207 | D:9      | Received a gift from Kikubaaqudgha
 11207 | D:9      | Reached XP level 10. HP: 24/63 MP: 17/17
 11212 | D:9      | Learned a level 2 spell: Corpse Rot
 11518 | D:9      | Found a hazy altar of Hepliaklqana.
 11644 | D:9      | Found a staircase to the Lair.
 12481 | D:9      | Reached skill level 1 in Fighting
 13098 | D:9      | Reached skill level 14 in Necromancy
 13680 | D:10     | Found Xuicic's Armour Boutique.
 13687 | D:10     | Bought a +0 buckler for 58 gold pieces
 13687 | D:10     | Bought a +2 robe of magic resistance for 230 gold pieces
 14009 | D:9      | Reached ** piety under Kikubaaqudgha
 14150 | D:9      | Reached skill level 1 in Shields
 15137 | D:8      | Found a radiant altar of Vehumet.
 16046 | D:11     | Found Yrphib's Antique Weapon Boutique.
 16188 | D:11     | Noticed an eight-headed hydra
 16276 | D:11     | Killed a two-headed ogre
 16276 | D:11     | Gained mutation: When seriously injured, your bleeding
                  | wounds create thick armour. (AC +9) [demonic ancestry]
 16276 | D:11     | Reached XP level 11. HP: 45/76 MP: 20/20
 17247 | D:11     | Noticed a centaur warrior
 17256 | D:11     | Killed a centaur warrior
 17579 | Lair:1   | Entered Level 1 of the Lair of Beasts
 18612 | Lair:2   | Found a runed translucent gate.
 18612 | Lair:2   | Found a runed translucent gate.
 18612 | Lair:2   | Found a runed translucent gate.
 18633 | Lair:1   | Reached skill level 5 in Fighting
 19075 | Lair:2   | Noticed a six-headed hydra
 19083 | Lair:2   | Killed a six-headed hydra
 19117 | Lair:2   | Found a staircase to the Swamp.
 19336 | Lair:2   | Reached *** piety under Kikubaaqudgha
 19336 | Lair:2   | Identified Kikubaaqudgha's Guide on Dark Magic
                  | (Kikubaaqudgha gifted it to you on level 2 of the Lair of
                  | Beasts)
 19336 | Lair:2   | Received a gift from Kikubaaqudgha
 19423 | Lair:2   | Found a staircase to the Snake Pit.
 19454 | Lair:2   | Learned a level 5 spell: Bolt of Draining
 19457 | Lair:2   | Learned a level 2 spell: Blink
 19648 | Lair:2   | Noticed Neppajuco's ghost (journeyman CeAK)
 19648 | Lair:2   | Noticed a death ooze
 19650 | Lair:2   | Found a viscous altar of Jiyva.
 20038 | Lair:3   | Noticed an oklob plant
 20038 | Lair:3   | Noticed an oklob plant
 20038 | Lair:3   | Noticed an oklob plant
 20038 | Lair:3   | Noticed an oklob plant
 20038 | Lair:3   | Noticed a four-headed hydra
 20136 | Lair:2   | Reached skill level 1 in Translocations
 20176 | Lair:2   | Reached skill level 1 in Conjurations
 20569 | Lair:2   | Gained mutation: You are immune to freezing clouds.
                  | [demonic ancestry]
 20569 | Lair:2   | Reached XP level 12. HP: 81/88 MP: 16/23
 20676 | Lair:3   | Killed a four-headed hydra
 20846 | Lair:3   | Reached skill level 5 in Shields
 21601 | Lair:4   | Noticed a six-headed hydra
 21616 | Lair:4   | Killed a six-headed hydra
 21632 | Lair:4   | Noticed a five-headed hydra
 21642 | Lair:4   | Killed a five-headed hydra
 21713 | Lair:4   | Found a dark tunnel.
 21728 | Volcano  | Entered a volcano
 22008 | Volcano  | Reached skill level 5 in Conjurations
 22021 | Volcano  | Reached **** piety under Kikubaaqudgha
 22713 | Lair:4   | Noticed Nergalle
 22743 | Lair:4   | Killed Nergalle
 22754 | Lair:4   | Learned a level 5 spell: Borgnjor's Vile Clutch
 23096 | Lair:5   | Noticed Urug
 23121 | Lair:5   | Killed Urug
 23309 | Lair:5   | Found a staircase to the Slime Pits.
 23388 | Lair:5   | Reached skill level 1 in Earth Magic
 23518 | Lair:5   | Reached XP level 13. HP: 82/98 MP: 20/25
 23951 | Lair:6   | Entered Level 6 of the Lair of Beasts
 24279 | Lair:6   | Reached ***** piety under Kikubaaqudgha
 24807 | Lair:6   | Reached skill level 10 in Spellcasting
 24815 | Lair:6   | Found a burning altar of Makhleb.
 24832 | Lair:6   | HP: 3/101 [sun demon (5)]
 25929 | Lair:6   | Reached skill level 1 in Ice Magic
 26770 | Lair:6   | Found a gateway to Hell.
 26786 | Lair:6   | Got a dazzling war axe
 26788 | Lair:6   | Identified the +8 war axe "Asefobupypp" {protect, rC+ Int+3
                  | Stlth+} (You found it on level 6 of the Lair of Beasts)
 27802 | D:12     | Learned a level 5 spell: Dispel Undead
 27946 | D:12     | Reached ****** piety under Kikubaaqudgha
 28165 | D:12     | Reached skill level 1 in Short Blades
 28455 | D:11     | Gained mutation: You are powered by pain. [demonic
                  | ancestry]
 28455 | D:11     | Reached XP level 14. HP: 95/109 MP: 17/28
 28773 | D:12     | Reached skill level 15 in Necromancy
 28777 | D:12     | Noticed Kirke
 28974 | D:12     | Killed Kirke
 28974 | D:12     | Reached skill level 1 in Maces & Flails
 29164 | D:12     | Found a staircase to the Orcish Mines.
 29173 | Orc:1    | Entered Level 1 of the Orcish Mines
 29180 | D:12     | Reached skill level 10 in Fighting
 29399 | D:12     | Identified a +2 demon whip of pain (a +0 demon whip of
                  | flaming bloodied by Kikubaaqudgha)
 29399 | D:12     | Received a gift from Kikubaaqudgha
 29988 | D:12     | You fall into a shaft and drop 3 floors!
 29988 | D:15     | Entered Level 15 of the Dungeon
 30309 | D:14     | Noticed Nessos
 30328 | D:14     | Killed Nessos
 30474 | D:14     | Found Arepryre's Antique Weapon Boutique.
 30747 | D:13     | Found a gate leading to a gauntlet.
 30785 | Gauntlet | Entered a Gauntlet
 30785 | Gauntlet | Found a transporter.
 30785 | Gauntlet | Found a transporter.
 30785 | Gauntlet | Found a transporter.
 30804 | Gauntlet | Found a transporter.
 30806 | Gauntlet | Found a transporter.
 30814 | Gauntlet | Found a transporter.
 30818 | Gauntlet | Found a transporter.
 30825 | Gauntlet | Found a transporter.
 30843 | Gauntlet | Found a transporter.
 30848 | Gauntlet | Found a transporter.
 30851 | Gauntlet | Found a transporter.
 30862 | Gauntlet | Found a transporter.
 31741 | D:13     | Found a runed translucent gate.
 31742 | D:13     | Found a runed translucent gate.
 31742 | D:13     | Found a runed translucent gate.
 31743 | D:13     | Noticed Wolfram's ghost (journeyman NaTm)
 31913 | D:13     | Reached skill level 5 in Maces & Flails
 32953 | Orc:2    | Entered Level 2 of the Orcish Mines
 32953 | Orc:2    | Found a roughly hewn altar of Beogh.
 33162 | Orc:2    | Found a staircase to the Elven Halls.
 33167 | Orc:2    | Found Gyrhulex's Antique Weapon Emporium.
 33717 | Orc:2    | Paralysed by an orc sorcerer for 2 turns
 34629 | Orc:2    | Found Winuxoex's Armour Shop.
 34629 | Orc:2    | Found Ikuinaho's Book Shop.
 34630 | Orc:2    | Found Fauzacon's Gadget Shoppe.
 34630 | Orc:2    | Found Zuhol's Food Shoppe.
 36070 | D:14     | Reached XP level 15. HP: 99/117 MP: 24/30
 36174 | D:14     | Noticed Puash's ghost (journeyman HOFi)
 36206 | D:14     | Reached skill level 10 in Shields
 36646 | D:14     | Found a gate to the Vaults.
 36790 | D:14     | Found a transporter.
 36943 | D:14     | Found a transporter.
 37172 | D:14     | Learned a level 6 spell: Simulacrum
 37307 | D:15     | Got a shimmering dagger
 37308 | D:15     | Identified the cursed +1 dagger of Exquisite Torment
                  | {drain, Stlth+} (You found it on level 15 of the Dungeon)
 37483 | D:15     | Noticed Agnes
 37489 | D:15     | Mangled by Agnes

Levels and vault maps discovered:
D:1:      dpeg_arrival_tiny_c, layout_loops_ring
D:2:      layout_rooms, old_standard_altar, minmay_indecisive_spiral, uniq_robin
D:3:      layout_loops_corners
D:4:      layout_basic, nicolae_ru_awakened_eye, uniq_natasha
D:5:      layout_basic, minmay_temple_entry_ruins, first_ration
D:6:      layout_rooms, lemuel_crystal_altar, gammafunk_ghost_necromancy,
          serial_shops, shop_statue, dk_yredelemnul_ordeal
D:7:      layout_gridville, kennysheep_mini_moat, uniq_harold
D:8:      layout_gridville, gammafunk_temple_overflow_claw, lemuel_round_altar
D:9:      layout_irregular_city, overflow_temple_1_default,
          due_lair_maze_entry_diamond, due_unseen_surprise
D:10:     layout_long_grid, serial_shops,
          nicolae_shop_temple_entry_statues_fountains
D:11:     layout_basic, serial_shops, shop, the_bakery
D:12:     layout_basic, orc_0_dummy, drop_trap, hangedman_decor_slide_cut,
          dk_noncrumbling_3, eino_small_chamber_without_monster, uniq_kirke
D:13:     layout_loops_ring, gauntlet_entry_generic, gammafunk_ghost_spectres,
          grunt_ministairs_3, chequers_big_river
D:14:     layout_loops_ring, david_vaults_5, gammafunk_ghost_mausoleum,
          serial_shops, shop, kennysheep_generic_room_10, uniq_nessos
D:15:     grunt_enter_depths_snipers, layout_irregular_city,
          lemuel_statue_altar, serial_undead, serial_undead_b, serial_undead_f,
          serial_undead_c, serial_undead_b, portal_ice_cave_entry_pillars_1,
          uniq_agnes
Temple:   dshaligram_water_room_temple
Lair:1:   layout_long_grid, lemuel_fruit_tree, grunt_megastairs_5
Lair:2:   layout_regular_city, minmay_swamp_entry_reptiles,
          guppyfry_snake_entry_island, gammafunk_ghost_ooze
Lair:3:   layout_chaotic_city, serial_bayou, serial_bayou_pond_a,
          serial_bayou_lake_a, serial_bayou_shore_b, serial_bayou_shore_b,
          serial_bayou_pond_e, minmay_lair_oklob_chamber,
          infiniplex_staircase_pool
Lair:4:   layout_cave_pods, nicolae_volcano_entry_s_turn, beast_lair_carwin_11,
          uniq_nergalle
Lair:5:   wander_river, layout_gridlike, minmay_slime_entry_eyes, uniq_urug
Lair:6:   evil_forest, layout_layer_cave, special_room
          [special_room_mythical_zoo], eino_house_with_fridge,
          serial_bayou_shore_b
Orc:1:    layout_caves
Orc:2:    st_orc_elflike, layout_diamond_mine, basic_altar, serial_shops, shop

Skill      XL: |  1  2  3  4  5  6  7  8  9 10 11 12 13 14 15 |
---------------+----------------------------------------------+-----
Necromancy     | 5 6 7 9 12 13 14 15 | 15.5
Spellcasting   | 3 4 5 6 7 8 10 11 | 11.6
Charms         | 1 4 |  4.0
Hexes          | 4 |  4.7
Dodging        | 3 |  3.2
Fighting       | 3 6 7 9 10 | 10.6
Shields        | 2 4 6 8 9 10 | 10.2
Translocations | 1 2 |  2.1
Conjurations   | 1 6 |  6.0
Earth Magic    | 2 3 |  3.0
Ice Magic      | 2 |  2.5
Short Blades   | 1 |  1.7
Maces & Flails | 6 7 |  7.9
Stealth        | |  1.7

Action                   |  1- 3 |  4- 6 |  7- 9 | 10-12 | 13-15 || total
-------------------------+-------+-------+-------+-------+-------++-------
Melee: Unarmed           |     9 |       |       |       |       ||     9
       Dagger            |     6 |   166 |   116 |   546 |   364 ||  1198
       Kick              |       |    14 |    19 |   169 |   255 ||   457
       Demon whip        |       |       |       |       |   515 ||   515
 Fire: Hunting sling     |       |    16 |       |       |       ||    16
Throw: Dart              |     1 |       |       |     9 |    12 ||    22
       Throwing net      |       |       |     2 |       |     2 ||     4
 Cast: Pain              |    63 |    78 |    95 |    83 |     1 ||   320
       Vampiric Draining |       |     3 |    46 |    83 |    15 ||   147
       Regeneration      |       |     5 |     5 |    13 |    35 ||    58
       Animate Skeleton  |       |     5 |     3 |       |       ||     8
       Animate Dead      |       |       |     1 |    26 |    22 ||    49
       Ensorcelled Hiber |       |       |       |     4 |     2 ||     6
       Corpse Rot        |       |       |       |     3 |       ||     3
       Bolt of Draining  |       |       |       |    15 |    97 ||   112
       Borgnjor's Vile C |       |       |       |       |    14 ||    14
       Dispel Undead     |       |       |       |       |    21 ||    21
Invok: Receive Corpses   |       |       |       |    12 |     4 ||    16
       Brand Weapon With |       |       |       |       |     1 ||     1
Evoke: Wand              |       |       |     8 |    13 |    14 ||    35
  Use: Scroll            |       |     7 |     8 |    11 |    15 ||    41
       Potion            |       |       |       |     1 |       ||     1
 Stab: Sleeping          |     1 |     3 |     4 |     7 |     3 ||    18
       Distracted        |       |       |       |     2 |     2 ||     4
       Paralysed         |       |       |       |       |     6 ||     6
  Eat: Chunk             |     4 |    11 |    11 |    24 |    40 ||    90
       Ration            |       |       |     3 |     9 |    10 ||    22
Armor: Robe              |     4 |    50 |    52 |   172 |   252 ||   530
Dodge: Dodged            |    28 |   114 |   142 |   400 |   485 ||  1169
Block: Buckler           |       |       |       |    73 |   192 ||   265
       Shield            |       |       |       |    78 |   151 ||   229

Table legend:
 A = Non-vault XP
 B = Vault XP
 C = Vault XP percentage of total XP
 D = Non-vault monster count
 E = Vault monster count
 F = Vault count percentage of total count
                 A         B        C        D         E       F
            +---------+---------+-------+---------+---------+-------
      Total |   67635 |   57019 |  45.7 |     534 |     187 |  25.9
            +---------+---------+-------+---------+---------+-------
        D:1 |      46 |       0 |   0.0 |      25 |       0 |   0.0
        D:2 |      59 |      49 |  45.4 |      14 |      16 |  53.3
        D:3 |     125 |       0 |   0.0 |      33 |       0 |   0.0
        D:4 |     659 |      35 |   5.0 |      27 |       1 |   3.6
        D:5 |     301 |       0 |   0.0 |      14 |       0 |   0.0
        D:6 |     188 |     190 |  50.3 |      13 |       2 |  13.3
        D:7 |     500 |     910 |  64.5 |       8 |       1 |  11.1
        D:8 |     506 |       0 |   0.0 |      11 |       0 |   0.0
        D:9 |    3949 |     934 |  19.1 |      39 |       8 |  17.0
       D:10 |    1595 |       0 |   0.0 |      16 |       0 |   0.0
       D:11 |    6148 |     415 |   6.3 |      39 |       2 |   4.9
       D:12 |    6263 |    3225 |  34.0 |      38 |       6 |  13.6
       D:13 |    8471 |     722 |   7.9 |      43 |       2 |   4.4
       D:14 |   15220 |    7288 |  32.4 |      37 |      12 |  24.5
       D:15 |    1288 |    3384 |  72.4 |       6 |       6 |  50.0
     Lair:1 |    1880 |     564 |  23.1 |      11 |       5 |  31.2
     Lair:2 |    3891 |     957 |  19.7 |      25 |       3 |  10.7
     Lair:3 |    4015 |     939 |  19.0 |      18 |       4 |  18.2
     Lair:4 |    1230 |    1469 |  54.4 |      12 |       4 |  25.0
     Lair:5 |    4922 |     869 |  15.0 |      29 |       3 |   9.4
     Lair:6 |    3539 |   15450 |  81.4 |      17 |      65 |  79.3
      Orc:1 |     989 |     557 |  36.0 |      20 |       1 |   4.8
      Orc:2 |    1851 |    7840 |  80.9 |      39 |      24 |  38.1
    Volcano |       0 |    4777 | 100.0 |       0 |      11 | 100.0
   Gauntlet |       0 |    6445 | 100.0 |       0 |      11 | 100.0
            +---------+---------+-------+---------+---------+-------
